 Dungeon Crawl Stone Soup version 0.31-a0-431-g88bdf31460 (webtiles) character file.

Game seed: 5350611946019958752

3260 randomguy2701 the Cleaver (level 9, -6/81 HPs)
             Began as a Minotaur Fighter on July 31, 2023.
             Mangled by a two-headed ogre
             ... wielding a +0 giant club
              (24 damage)
             ... on level 7 of the Dungeon.
             The game lasted 00:08:13 (5589 turns).

randomguy2701 the Cleaver (Minotaur Fighter)        Turns: 5589, Time: 00:08:14

Health: -6/81      AC: 16    Str: 25    XL:     9   Next: 68%
Magic:  8/8        EV:  8    Int:  5    God:
Gold:   362        SH:  5    Dex: 13    Spells: 8/8 levels left

rFire   . . .        A - +6 battleaxe
rCold   . . .        (shield currently unavailable)
rNeg    . . .        B - +0 plate armour
rPois   .            (helmet restricted)
rElec   .            (no cloak)
rCorr   .            s - +1 pair of gloves {Str+3}
SInv    .            (no boots)
Will    .....        i - amulet of reflection Stlth
                     (no ring)
HPRegen 0.33/turn    (no ring)
MPRegen 0.11/turn

%: reflection
@: no status effects
A: horns 2, retaliatory headbutt
a: no special abilities


You were on level 7 of the Dungeon.
You visited 1 branch of the dungeon, and saw 8 of its levels.

You collected 362 gold pieces.

Inventory:

Hand Weapons
 a - a +0 war axe
 A - a +6 battleaxe (weapon)
Armour
 c - a +0 buckler
 s - a +1 pair of gloves of strength (worn)
 B - a +0 plate armour (worn)
Jewellery
 i - an amulet of reflection (around neck)
 l - an amulet of the acrobat
 n - an amulet of faith
 v - a ring of wizardry
 y - a ring of positive energy
Wands
 m - a wand of flame (23)
 o - a wand of quicksilver (11)
 w - a wand of mindburst (18)
Scrolls
 e - 3 scrolls of fog
 f - a scroll of identify {unknown}
 j - 2 scrolls of teleportation {unknown}
 p - a scroll of acquirement {unknown}
 t - a scroll of fear {unknown}
 u - 2 scrolls of enchant weapon
Potions
 d - a potion of might
 g - a potion of heal wounds {unknown}
 h - 9 potions of curing {unknown}
 k - a potion of cancellation {unknown}
 q - a potion of berserk rage {unknown}
 r - 2 potions of invisibility {unknown}
 x - 2 potions of attraction {unknown}
 z - 2 potions of haste {unknown}


   Skills:
 + Level 8.2 Fighting
 + Level 10.5 Axes
 + Level 8.8 Armour
 + Level 3.2 Dodging
 + Level 0.8 Stealth
 + Level 6.3 Shields


You had 8 spell levels left.
You didn't know any spells.
Your spell library contained the following spells:

 Spells                   Type           Power      Damage    Failure   Level
 Wereblood                Tmut           0%         N/A       100%        2
 Irradiate                Conj/Tmut      0%         3d11      100%        5


Dungeon Overview and Level Annotations

Branches:
Dungeon (8/15)             Temple (0/1) D:7
   Lair: D:8-11

Altars:
Hepliaklqana
Kikubaaqudgha
Wu Jian

Shops:
D:3 (   D:6 [**


Innate Abilities, Weirdness & Mutations

You have a pair of horns on your head.
You reflexively headbutt those who attack you in melee.


Message History

You slice the gnoll sergeant!!
You kill the gnoll sergeant!
Things that are here:
a +1 spear of flaming; a +0 scale mail; a +0 kite shield
There is a stone staircase leading down here.
HP restored.
Done exploring.
You climb downwards.
The water moccasin bites you but does no damage.
The two-headed ogre barely misses you.
The two-headed ogre hits you with a +0 giant spiked club!
The water moccasin bites you but does no damage.
You block the gnoll's attack.
There is a stone staircase leading up, spattered with blood here.
You block the water moccasin's attack.
The two-headed ogre barely misses you. x2
The gnoll hits you but does no damage.
You climb upwards.
There is a stone staircase leading down here.
The water moccasin attacks as you move away!
The water moccasin barely misses you.
The two-headed ogre attacks as you move away!
The two-headed ogre hits you with a +0 giant club.
The two-headed ogre hits you with a +0 giant spiked club!
The water moccasin bites you but does no damage.
You slash the water moccasin!
The water moccasin is severely wounded.
The water moccasin barely misses you. You furiously retaliate!
You headbutt the water moccasin!
You kill the water moccasin!
You hit the two-headed ogre.
Your headbutt misses the two-headed ogre.
The two-headed ogre is lightly wounded.
The two-headed ogre hits you with a +0 giant club!!
The two-headed ogre hits you with a +0 giant spiked club!
* * * LOW HITPOINT WARNING * * *
You hit the two-headed ogre.
Your headbutt misses the two-headed ogre.
The two-headed ogre is lightly wounded.
The two-headed ogre hits you with a +0 giant club!!
You die...

..........##.[.#
..........###..#
..........# #..#
..........# #..#
..........# #..#
..........# #..#
..........# #..#
..#...#######.[############
..............>O@.........#
#######..#####.##########.#
#.....#.## #.# #.#
#.....#.# #.# #.# #.#.#.#.#
#.# #.# #.#.#.#.# #.# #.#
###.###.# #.# #)# ........#
#.# #)# #########
#.##########.##


You could see a two-headed ogre.

Vanquished Creatures
  A komodo dragon (D:5)
  Sigmund (D:4)
  A wraith (D:7)
  A wyvern (D:6)
  Eustachio (D:5)
  Menkaure (D:5)
  Edmund (D:5)
  2 water moccasins (D:7)
  An ice beast (D:6)
  An orc warrior (D:7)
  A sky beast (D:6)
  An ogre (D:5)
  2 centaurs
  2 phantoms
  A kobold brigand (D:7)
  3 scorpions
  A gnoll sergeant (D:7)
  8 wights
  A howler monkey (D:7)
  A jelly (D:7)
  4 orc priests
  2 hounds
  Ijyb (D:4)
  An iguana (D:5)
  4 orc wizards
  5 gnolls
  4 adders
  2 ufetubi
  A worm (D:2)
  A dart slug (D:1)
  19 orcs
  5 bats
  9 endoplasms
  2 giant cockroaches (D:2)
  5 goblins
  2 hobgoblins (D:1)
  6 jackals
  14 kobolds
  8 quokkas
  11 ball pythons
  3 frilled lizards
  2 quokka zombies (D:7)
  8 rats
151 creatures vanquished.

Notes
Turn   | Place    | Note
-------+----------+-------------------------------------------
     0 | D:1      | randomguy2701 the Minotaur Fighter began the quest for the
                  | Orb.
     0 | D:1      | Reached XP level 1. HP: 19/19 MP: 0/0
    30 | D:1      | Reached XP level 2. HP: 27/27 MP: 1/1
   193 | D:1      | Reached XP level 3. HP: 26/33 MP: 2/2
   305 | D:1      | Reached skill level 3 in Axes
   433 | D:2      | Identified the +10 hand axe "Egral" {freeze, rC++}
   530 | D:2      | Found an ornate altar of the Wu Jian Council.
   539 | D:2      | Reached skill level 4 in Axes
   582 | D:2      | Reached XP level 4. HP: 40/40 MP: 3/3
  1143 | D:3      | Found Leizuaga's Weapon Shop.
  1321 | D:2      | Reached XP level 5. HP: 11/47 MP: 4/4
  1777 | D:4      | Found a hazy altar of Hepliaklqana.
  1805 | D:4      | Noticed Sigmund
  1822 | D:4      | Killed Sigmund
  1823 | D:4      | Reached skill level 5 in Axes
  1823 | D:4      | Reached skill level 5 in Armour
  1823 | D:4      | Reached XP level 6. HP: 27/55 MP: 5/5
  1949 | D:4      | Noticed Ijyb
  1956 | D:4      | Killed Ijyb
  1957 | D:4      | Reached skill level 5 in Fighting
  2104 | D:4      | Found an ancient bone altar of Kikubaaqudgha.
  2112 | D:4      | Reached skill level 1 in Dodging
  2224 | D:5      | Entered Level 5 of the Dungeon
  2264 | D:5      | Reached skill level 6 in Axes
  2264 | D:5      | Reached XP level 7. HP: 48/61 MP: 6/6
  2432 | D:5      | Noticed Menkaure
  2437 | D:5      | Killed Menkaure
  2437 | D:5      | Noticed a komodo dragon
  2444 | D:5      | Killed a komodo dragon
  2445 | D:5      | Reached skill level 7 in Axes
  2575 | D:5      | Noticed Edmund
  2587 | D:5      | Killed Edmund
  2588 | D:5      | Reached XP level 8. HP: 39/70 MP: 7/7
  2700 | D:5      | Noticed Eustachio
  2722 | D:5      | Killed Eustachio
  3376 | D:6      | Reached skill level 8 in Axes
  3542 | D:6      | Found Tixubi's Antique Armour Boutique.
  3658 | D:6      | Found Hiqoil's Overcharged Wands.
  3690 | D:6      | Reached skill level 5 in Shields
  3822 | D:6      | Found Waorph's General Store.
  4031 | D:7      | Reached skill level 9 in Axes
  4031 | D:7      | Reached XP level 9. HP: 76/79 MP: 8/8
  4076 | D:7      | Found a staircase to the Ecumenical Temple.
  4076 | D:7      | Identified the +0 robe of Cielogh {rF+ Dex+4}
  4326 | D:7      | Reached skill level 10 in Axes
  5415 | D:8      | Noticed a two-headed ogre
  5589 | D:7      | Mangled by a two-headed ogre

Illustrated notes

Levels and vault maps discovered:
D:1:      pf_arrival_petrified_forest, layout_basic, serial_forest,
          infiniplex_forest_corner_2, infiniplex_forest_lined_corner,
          infiniplex_forest_clump_small, infiniplex_forest_straight_4
D:2:      cheibrodos_helix_gallery, layout_rooms, basic_altar
D:3:      layout_rooms, serial_shops, shop, serial_corexii_hall,
          corexii_hall_statues_i, chequers_hall_statues_corner_a,
          grunt_ministairs_13, kennysheep_generic_room_3
D:4:      layout_rooms, nicolae_hepliaklqana_hazy_memory, lemuel_crystal_altar,
          uniq_sigmund, uniq_ijyb
D:5:      layout_basic, uniq_edmund, uniq_menkaure, uniq_eustachio
D:6:      layout_rooms, serial_shops, shop, kennysheep_little_box,
          nicolae_shop_overcharged_wands
D:7:      layout_basic, minmay_temple_entry_slanted, enter_ossuary_4
D:8:      layout_basic, nemelex_diamond_rough_becter, uniq_grum

Skill      XL: |  1  2  3  4  5  6  7  8  9 |
---------------+----------------------------+-----
Armour         | 4 5 6 8 |  8.8
Fighting       | 4 5 6 7 8 |  8.2
Axes           | 4 5 6 7 9 10 | 10.5
Shields        | 4 5 6 |  6.3
Dodging        | 1 2 3 |  3.2
Stealth        | |  0.8

Action                     |  1- 3 |  4- 6 |  7- 9 || total
---------------------------+-------+-------+-------++-------
  Melee: War axe           |    75 |   108 |   160 ||   343
         Headbutt          |     8 |    11 |    35 ||    54
         Battleaxe         |       |       |    17 ||    17
    Use: Scroll            |       |       |     2 ||     2
 Armour: Scale mail        |    44 |    34 |    62 ||   140
         Plate armour      |       |       |    13 ||    13
  Dodge: Dodged            |    34 |    44 |    90 ||   168
  Block: Buckler           |    21 |    23 |    69 ||   113
         Reflection        |       |       |     7 ||     7
         Other             |       |       |     6 ||     6

Table legend: (Time is in decaauts)
 A = Elapsed time spent in this place.
 B = Non-inter-level travel time spent in this place.
 C = Inter-level travel time spent in this place.
 D = Time resting spent in this place.
 E = Time spent auto-exploring this place.
 F = Levels seen in this place.
 G = Mean time per level.
                   A        B        C        D        E       F      G
               +--------+--------+--------+--------+--------+-----+--------+
         Total |   5673 |   5390 |    283 |      0 |   4512 |   8 |  709.1 |
       Dungeon |   5673 |   5390 |    283 |      0 |   4512 |   8 |  709.1 |
               +--------+--------+--------+--------+--------+-----+--------+

Top non-repeatable levels by time:
     D:7: 1536 daAuts
     D:5: 1153 daAuts
     D:3: 665 daAuts
     D:6: 659 daAuts
     D:2: 651 daAuts
     D:4: 578 daAuts
     D:1: 388 daAuts
     D:8: 40 daAuts
